 Dungeon Crawl Stone Soup version 0.24.0-13-gcf9b319 (webtiles) character file.

Game seed: 16900764083116897421, levelgen mode: deterministic

240 Fang the Skirmisher (level 6, -2/58 HPs)
             Began as a Gargoyle Berserker on Dec 4, 2019.
             Was a Believer of Trog.
             Slain by an ogre
             ... wielding a +0 giant club
              (19 damage)
             ... on level 4 of the Dungeon.
             The game lasted 00:01:45 (2456 turns).

Fang the Skirmisher (Gargoyle Berserker)            Turns: 2456, Time: 00:01:45

Health: -2/58      AC: 13    Str: 27    XL:     6   Next: 8%
Magic:  6/6        EV:  9    Int:  8    God:    Trog [**....]
Gold:   108        SH:  0    Dex:  9    Spells: 5/5 levels left

rFire    . . .     SeeInvis .   a - +0 hand axe
rCold    . . .     Gourm    .   (no shield)
rNeg     + . .     Faith    .   b - +0 chain mail
rPois    ∞         Spirit   .   (no helmet)
rElec    +         Reflect  .   (no cloak)
rCorr    .         Harm     .   (no gloves)
MR       .....                  (no boots)
Stlth    ..........             (no amulet)
HPRegen  0.19/turn              (no ring)
MPRegen  0.10/turn              (no ring)

@: berserking, very quick
A: negative energy resistance 1, electricity resistance, unbreathing,
petrification resistance, rot immunity, AC +4
a: Berserk, Trog's Hand, Renounce Religion


You were on level 4 of the Dungeon.
You worshipped Trog.
Trog was pleased with you.
You were hungry.

You visited 1 branch of the dungeon, and saw 4 of its levels.

You collected 108 gold pieces.

Inventory:

Hand Weapons
 a - a +0 hand axe (weapon)
Armour
 b - a +0 chain mail (worn)
Jewellery
 r - an uncursed ring of magical power {unknown}
Scrolls
 e - 4 scrolls of identify {unknown}
 f - 2 scrolls of fog {unknown}
 h - a scroll of enchant weapon {unknown}
 i - a scroll of random uselessness {unknown}
 l - 2 scrolls of amnesia {unknown}
 m - a scroll of blinking {unknown}
 n - 2 scrolls of magic mapping {unknown}
 o - a scroll of teleportation {unknown}
 q - a scroll of remove curse {unknown}
Potions
 d - a potion of lignification {unknown}
 g - a potion of curing {unknown}
 j - 2 potions of brilliance {unknown}
 k - 2 potions of degeneration {unknown}
 p - 2 potions of haste {unknown}
 s - a potion of flight {unknown}
Comestibles
 c - 5 rations


   Skills:
 + Level 4.5 Fighting
 + Level 3.8 Axes
 + Level 3.8 Armour
 + Level 2.8 Dodging


You had 5 spell levels left.
You didn't know any spells.
Your spell library was empty.

Dungeon Overview and Level Annotations

Branches:
Dungeon (4/15)
 Temple: D:4-7

Altars:
Yredelemnul


Innate Abilities, Weirdness & Mutations

You are resistant to torment.
Your stone body is resilient. (AC +4)
You are immune to poison.
You resist negative energy. (rN+)
You are resistant to electric shocks. (rElec)
You can survive without breathing.
You are immune to petrification.
You are immune to rotting.


Message History

Trog accepts your kill.
You slash the orc!
You kill the orc!
Trog accepts your kill. The orc barely misses you.
You slash the orc priest!
The orc priest is almost dead.
You hit the orc. You hit the ogre. You slash the howler monkey!
The orc priest calls down the wrath of Beogh upon you.
Beogh smites you!
* * * LOW HITPOINT WARNING * * *
The howler monkey barely misses you.
You barely miss the ogre.
The ogre is lightly wounded.
Your chain mail prevents you from hitting the howler monkey.
You barely miss the orc priest. You slash the orc!
You kill the orc!
Trog accepts your kill.
The ogre hits you with a +0 giant club!!
You die...

.$#.# #.#.#
#.#.############
...#..........#
#..#..........###
###+##..#............###
#.....)O#.........)#....
#....oo@'..........##...
#.....h##...†......#8...
#...... #..........##...
#...... #........^.##...
#...... #..........##..[
#...... #..........#8...
#...... ####.########...
#...... #.#8###8##...
#............


You could see an ogre, a howler monkey, an orc priest and an orc.

Vanquished Creatures
  A scorpion (D:4)
  An orc priest (D:3)
  Crazy Yiuf (D:2)
  A gnoll (D:1)
  4 adders
  An ooze (D:3)
  3 dart slugs
  2 leopard geckos (D:1)
  10 orcs
  5 bats
  2 giant cockroaches (D:2)
  2 gnoll zombies (D:3)
  6 goblins
  3 hobgoblins
  4 jackals (D:3)
  11 kobolds
  A quokka (D:3)
  4 frilled lizards
  8 rats
70 creatures vanquished.

Notes
Turn   | Place    | Note
-------+----------+-------------------------------------------
     0 | D:1      | Fang the Gargoyle Berserker began the quest for the Orb.
     0 | D:1      | Reached XP level 1. HP: 14/14 MP: 1/1
   111 | D:1      | Reached XP level 2. HP: 15/19 MP: 2/2
   408 | D:1      | Reached XP level 3. HP: 15/24 MP: 3/3
   990 | D:2      | Reached ** piety under Trog
  1047 | D:2      | Found a runed translucent door.
  1048 | D:2      | Noticed Crazy Yiuf
  1103 | D:2      | Reached XP level 4. HP: 29/29 MP: 4/4
  1358 | D:2      | Reached skill level 4 in Fighting
  1660 | D:2      | Killed Crazy Yiuf
  1797 | D:3      | Reached XP level 5. HP: 30/33 MP: 5/5
  2271 | D:3      | Found a basalt altar of Yredelemnul.
  2424 | D:4      | Reached XP level 6. HP: 34/39 MP: 6/6
  2456 | D:4      | Slain by an ogre

Levels and vault maps discovered:
D:1:      sevenhm_arrival_forest_fort_small_4, layout_basic
D:2:      layout_loops_corners, uniq_crazy_yiuf_cottage
D:3:      layout_basic, lemuel_zombie_altar_yredelemnul, minivault_14
D:4:      layout_basic, first_ration, serial_corexii_hall,
          corexii_hall_statues_i, corexii_hall_statues_x, uniq_pikel

Skill      XL: |  1  2  3  4 |
---------------+-------------+-----
Axes           | 3 |  3.8
Dodging        | 2 |  2.8
Armour         | 3 |  3.8
Fighting       | 4 |  4.5

Action                   |  1- 3 |  4- 6 || total
-------------------------+-------+-------++-------
Melee: Hand axe          |    87 |   139 ||   226
Invok: Berserk           |     1 |     2 ||     3
 Stab: Sleeping          |     2 |       ||     2
  Eat: Chunk             |     2 |     5 ||     7
Armor: Animal skin       |    20 |       ||    20
       Chain mail        |    17 |   101 ||   118
Dodge: Dodged            |    62 |    75 ||   137
